 Dungeon Crawl Stone Soup version 0.27-a0-1324-ge0d8e047f6 (webtiles) character file.

Game seed: 15273909070865268153

261 BlueGoblin the Bolt Thrower (level 6, -3/34 (37) HPs)
             Began as a Kobold Hunter on June 23, 2021.
             Killed from afar by an orc wizard (7 damage)
             ... with a magic dart
             ... on level 4 of the Dungeon.
             The game lasted 00:09:50 (6636 turns).

BlueGoblin the Bolt Thrower (Kobold Hunter)         Turns: 6636, Time: 00:09:51

HP:   -3/34 (37)    AC:  3    Str: 10    XL:     6   Next: 41%
MP:   6/6           EV: 15    Int: 13    God:
Gold: 179           SH:  0    Dex: 16    Spells: 5/5 levels left

rFire    . . .     SeeInvis .   a - +1 hand crossbow
rCold    . . .     Faith    .   (shield restricted)
rNeg     . . .     Spirit   .   c - +0 leather armour
rPois    .         Reflect  .   (no helmet)
rElec    .         Harm     .   (no cloak)
rCorr    .         Rampage  .   (no gloves)
Will     .....                  (no boots)
Stlth    +++.......             (no amulet)
HPRegen  0.11/turn              (no ring)
MPRegen  0.10/turn              (no ring)

@: drained
A: small, no large weapons, nightstalker 3
a: no special abilities


You were on level 4 of the Dungeon.
You visited 1 branch of the dungeon, and saw 4 of its levels.

You collected 179 gold pieces.

Inventory:

Hand Weapons
 a - a +1 hand crossbow (weapon)
 b - a +0 dagger
 l - a +0 short sword
 u - a +0 hunting sling
Missiles
 d - 51 bolts (quivered ammo)
 e - 19 poisoned darts
Armour
 c - a +0 leather armour (worn)
 m - a +0 robe
Jewellery
 x - a +6 ring of strength
Wands
 j - a wand of digging (3)
Scrolls
 f - a scroll of brand weapon {unknown}
 g - 2 scrolls of fog {unknown}
 h - a scroll of silence {unknown}
 i - 2 scrolls of identify {unknown}
 o - a scroll of enchant weapon {unknown}
 p - a scroll of amnesia {unknown}
 w - a scroll of magic mapping {unknown}
Potions
 k - a potion of degeneration {unknown}
 n - 2 potions of might {unknown}
 r - a potion of lignification {unknown}
 s - a potion of flight {unknown}
 t - a potion of attraction {unknown}
 v - 2 potions of mutation {unknown}


   Skills:
 + Level 3.0 Fighting
 + Level 3.0 Short Blades
 + Level 5.9 Crossbows
 + Level 2.1 Armour
 + Level 3.3 Dodging
 * Level 3.3 Stealth


You had 5 spell levels left.
You didn't know any spells.
Your spell library contained the following spells:

 Spells                   Type           Power      Damage    Failure   Level
 Beastly Appendage        Tmut           0%         N/A       38%         1
 Wereblood                Tmut           0%         N/A       52%         2
 Spider Form              Tmut/Pois      0%         N/A       77%         3
 Ice Form                 Ice/Tmut       0%         N/A       99%         4


Dungeon Overview and Level Annotations

Branches:
Dungeon (4/15)
 Temple: D:4-7

Altars:
Ru
Wu Jian

Shops:
D:2 =

Annotations:
D:4 1 transporter, BlueGoblin's ghost, novice GrFi


Innate Abilities, Weirdness & Mutations

You are small and have problems with some larger weapons.
You are completely attuned to the shadows.


Message History

Aim: an orc, wielding a +0 short sword (moderately wounded, 67% to hit)
You shoot a bolt. Something hits you but does no damage. The orc misses you.
Fire: 56 bolts
Press: ? - help, Q - select action, (/) - cycle Shift-Dir - straight line, f/p - orc
Aim: an orc, wielding a +0 short sword (moderately wounded, 67% to hit)
You shoot a bolt. The bolt closely misses the orc.
Something hits you. The orc hits you with a +0 short sword. Something hits you.
Fire: 55 bolts
Press: ? - help, Q - select action, (/) - cycle Shift-Dir - straight line, f/p - orc
Aim: an orc, wielding a +0 short sword (moderately wounded, 67% to hit)
You shoot a bolt. The bolt barely misses the orc.
The orc misses you. Something hits you.
Fire: 54 bolts
Press: ? - help, Q - select action, (/) - cycle Shift-Dir - straight line, f/p - orc
Aim: an orc, wielding a +0 short sword (moderately wounded, 67% to hit)
You shoot a bolt. The bolt closely misses the orc.
The orc barely misses you.
You hear some strange, mumbled words.
A puff of flame appears from out of thin air!
The puff of flame hits you!
Fire: 53 bolts
Press: ? - help, Q - select action, (/) - cycle Shift-Dir - straight line, f/p - orc
Aim: an orc, wielding a +0 short sword (moderately wounded, 67% to hit)
You shoot a bolt. The bolt hits the orc.
The orc is severely wounded.
The orc misses you. Something hits you.
* * * LOW HITPOINT WARNING * * *
A magic dart appears from out of thin air!
The magic dart hits you.
* * * LOW HITPOINT WARNING * * *
Fire: 52 bolts
Press: ? - help, Q - select action, (/) - cycle Shift-Dir - straight line, f/p - orc
Aim: an orc, wielding a +0 short sword (severely wounded, 67% to hit)
You shoot a bolt.
The bolt hits the orc but does no damage.
The orc is severely wounded.
A magic dart appears from out of thin air!
The magic dart hits you!
You die...

..........##..........## ##..#
...........###........# ##...##
..........(.#########.####.....#
.........#...### #.##.......##
.......####...)## #.#.........#
...#### ###((.## #...........#
##{..####..#......[.#
##.o..##..#####..... ##@...##.#
#...... ##....#.# ##.#.#.#
##.....###.......
##.....##.#.#.#. ##....##.......
###............ #..............
#.............. #.............>


You could see an orc.

Vanquished Creatures
  A bullfrog skeleton (D:4)
  An orc priest (D:4)
  Jessica (D:2)
  Terence (D:2)
  A hound skeleton (D:4)
  3 adders
  3 adder skeletons (D:4)
  3 worms
  3 dart slugs
  8 orcs
  9 endoplasms
  2 giant cockroaches
  3 goblins
  3 hobgoblins
  10 jackals
  6 kobolds
  6 quokkas
  10 ball pythons
  3 bats
  A frilled lizard (D:1)
  6 rats
84 creatures vanquished.

Notes
Turn   | Place    | Note
-------+----------+-------------------------------------------
     0 | D:1      | BlueGoblin the Kobold Hunter began the quest for the Orb.
     0 | D:1      | Reached XP level 1. HP: 12/12 MP: 1/1
   116 | D:1      | Reached skill level 5 in Crossbows
   530 | D:1      | Reached XP level 2. HP: 17/17 MP: 2/2
   709 | D:1      | Reached skill level 1 in Short Blades
  1057 | D:1      | Reached XP level 3. HP: 8/22 MP: 3/3
  1718 | D:1      | Reached skill level 1 in Armour
  1908 | D:2      | Reached XP level 4. HP: 27/27 MP: 4/4
  2052 | D:2      | Noticed Jessica
  2212 | D:2      | Killed Jessica
  2290 | D:2      | Found Finel's Jewellery Shoppe.
  2653 | D:2      | Noticed Terence
  2665 | D:2      | Killed Terence
  2666 | D:2      | Reached XP level 5. HP: 11/31 MP: 5/5
  4648 | D:3      | Found a faded altar of an unknown god.
  5339 | D:4      | Reached XP level 6. HP: 16/37 MP: 6/6
  5544 | D:4      | Found an ornate altar of the Wu Jian Council.
  5980 | D:4      | Found a transporter.
  5981 | D:4      | Noticed BlueGoblin's ghost (novice GrFi)
  6135 | D:4      | Found a sacrificial altar of Ru.
  6636 | D:4      | Killed from afar by an orc wizard

Illustrated notes

Levels and vault maps discovered:
D:1:      ebering_hopf_link, layout_basic
D:2:      layout_basic, serial_corexii_hall, chequers_hall_statues_wall_a,
          chequers_hall_statues_y, serial_shops, shop, uniq_terence,
          uniq_jessica
D:3:      layout_basic, shapermc_ecumenical_altar_mp_vishouse, fountainhead,
          minmay_distorted
D:4:      layout_cave_pods, nicolae_ru_sacrificial_ziggurat, lemuel_round_altar,
          gammafunk_ghost_smash, minmay_misc_feat_alley,
          minmay_misc_feat_pillars

Skill      XL: |  1  2  3  4  5  6 |
---------------+-------------------+-----
Crossbows      | 5 |  5.9
Short Blades   | 1 2 3 |  3.0
Armour         | 1 2 |  2.1
Stealth        | 2 3 |  3.3
Dodging        | 3 |  3.3
Fighting       | 3 |  3.0

Action                   |  1- 3 |  4- 6 || total
-------------------------+-------+-------++-------
Melee: Short sword       |    77 |     2 ||    79
       Dagger            |       |   195 ||   195
 Fire: Hand crossbow     |    31 |    54 ||    85
  Use: Potion            |     1 |     3 ||     4
 Stab: Sleeping          |     8 |    14 ||    22
Armor: Leather armour    |    42 |    17 ||    59
Dodge: Dodged            |   109 |   192 ||   301

Table legend: (Time is in decaauts)
 A = Elapsed time spent in this place.
 B = Non-inter-level travel time spent in this place.
 C = Inter-level travel time spent in this place.
 D = Time resting spent in this place.
 E = Time spent auto-exploring this place.
 F = Levels seen in this place.
 G = Mean time per level.
                   A        B        C        D        E       F      G
               +--------+--------+--------+--------+--------+-----+--------+
         Total |   6626 |   6523 |    103 |   2162 |   3499 |   4 | 1656.5 |
       Dungeon |   6626 |   6523 |    103 |   2162 |   3499 |   4 | 1656.5 |
               +--------+--------+--------+--------+--------+-----+--------+

Top non-repeatable levels by time:
     D:3: 2038 daAuts
     D:1: 1944 daAuts
     D:4: 1400 daAuts
     D:2: 1243 daAuts
